 Dungeon Crawl Stone Soup version 0.19-a0-1490-g5dd3618 (webtiles) character file.

72 Amnesiac the Changer (level 4, 0/42 HPs)
             Began as an Octopode Transmuter on Sept 8, 2016.
             Succumbed to an adder's poison
             ... on level 3 of the Dungeon.
             The game lasted 00:02:30 (1486 turns).

Amnesiac the Changer (Octopode Transmuter)          Turns: 1486, Time: 00:02:30

Health: 0/42       AC: 22    Str:  9    XL:     4   Next: 26%
Magic:  5/7        EV:  2    Int: 19    God:
Gold:   24         SH:  0    Dex: 13    Spells: 3 memorised, 1 level left

rFire  . . .     SeeInvis .       - Unarmed
rCold  . . .     Gourm    .     (no shield)
rNeg   + + +     Faith    .     (helmet currently unavailable)
rPois  +         Spirit   .     (no amulet)
rElec  .         Dismiss  .     (no ring)
rCorr  .         Reflect  .     (no ring)
MR     .....     Harm     .     (no ring)
Stlth  +......... NoTele   +    (no ring)
                                (no ring)
                                (no ring)
                                (no ring)
                                (no ring)

@: lethally poisoned (0 -> -1), tree-form
A: almost no armour, stealthy swim, (amphibious), 8 rings, (constrict 8),
(camouflage 0), clever 2, (gelatinous body 0)
a: no special abilities


You were on level 3 of the Dungeon.
You were not hungry.
You were a tree.
You visited 1 branch of the dungeon, and saw 4 of its levels.

You collected 24 gold pieces.

Inventory:

Missiles
 a - 11 arrows
Jewellery
 d - an uncursed ring of positive energy {unknown}
Scrolls
 e - a scroll of immolation {unknown}
 g - a scroll of enchant weapon {unknown}
 i - a scroll of identify {unknown}
Books
 b - a book of Changes

   Spells                             Type                      Level
   a - Beastly Appendage              Transmutation                1
   b - Sticks to Snakes               Transmutation                2
   c - Spider Form                    Transmutation/Poison         3
   d - Ice Form                       Ice/Transmutation            4
   e - Blade Hands                    Transmutation                5
Comestibles
 c - a bread ration


   Skills:
 - Level 1.0 Fighting
 - Level 2.0 Dodging
 - Level 3.0 Unarmed Combat
 - Level 2.0 Spellcasting
 + Level 4.4 Transmutations


You had one spell level left.
You knew the following spells:

 Your Spells              Type           Power        Failure   Level  Hunger
a - Beastly Appendage     Tmut           ###...       3%          1    #......
d - Sticks to Snakes      Tmut           ###.....     6%          2    ###....
e - Spider Form           Tmut/Pois      ##........   21%         3    ###....


Dungeon Overview and Level Annotations

Branches:
Dungeon (4/15)
 Temple: D:4-7

Altars:
Qazlal


Innate Abilities, Weirdness & Mutations

You cannot wear most types of armour.
You are very stealthy in the water.
((You are amphibious.))
You can wear up to eight rings at the same time.
((You can use your tentacles to constrict eight enemies at once.))
((Your skin changes colour to match your surroundings (Stealth+).))
((Your rubbery body absorbs attacks. (AC +1, EV +1)))
Your mind is very acute. (Int +4)


Message History

* * * LOW HITPOINT WARNING * * *
You feel sick.
There is a stone staircase leading down here.
It was a potion of lignification.
You turn into a tree.
Your roots penetrate the ground.
There is a lethal amount of poison in your body!
It was a potion of flight.
Your roots keep you in place.
* * * LOW HITPOINT WARNING * * *
You feel sick.
It was a potion of mutation.
You feel extremely strange.
You feel clever. x2
There is a lethal amount of poison in your body!
There is a lethal amount of poison in your body!
* * * LOW HITPOINT WARNING * * *
You feel sick.
* * * LOW HITPOINT WARNING * * *
You feel sick.
* * * LOW HITPOINT WARNING * * *
You feel sick.
You die...

###...... ##.....
#############....
............#..##
#.#########.#.#.#..#
####.#................#
.....#.#######.#.#.####
#.......# #.....#
###.##♣##.###)###.#
...##.##......#.##
#.##.########.## #....#
#.# #.#### #.# #.# #.#
#.###########.#
#.............#
###############


There were no monsters in sight!

Vanquished Creatures
  A gnoll (D:4)
  3 adders
  An ooze (D:2)
  A dart slug (D:2)
  A giant gecko (D:2)
  3 goblins
  4 hobgoblins
  4 bats
  4 giant newts (D:2)
  6 kobolds
  4 rats
32 creatures vanquished.

Vanquished Creatures (others)
  A kobold (D:1)
1 creature vanquished.

Grand Total: 33 creatures vanquished

Notes
Turn   | Place    | Note
-------+----------+-------------------------------------------
     0 | D:1      | Amnesiac the Octopode Transmuter began the quest for the Orb.
     0 | D:1      | Reached XP level 1. HP: 13/13 MP: 3/3
   385 | D:2      | Reached skill level 3 in Transmutations
   385 | D:2      | Reached XP level 2. HP: 7/18 MP: 5/5
   481 | D:2      | Learned a level 2 spell: Sticks to Snakes
   849 | D:2      | Reached XP level 3. HP: 23/23 MP: 6/6
   854 | D:2      | Learned a level 3 spell: Spider Form
  1139 | D:2      | Found a stormy altar of Qazlal.
  1249 | D:3      | Reached skill level 4 in Transmutations
  1458 | D:4      | Reached XP level 4. HP: 10/28 MP: 3/7
  1472 | D:3      | HP: 2/42 [poisoned by an adder]
  1473 | D:3      | Gained mutation: Your mind is acute. (Int +2) [potion of mutation]
  1473 | D:3      | Gained mutation: Your mind is very acute. (Int +4) [potion of mutation]
  1478 | D:3      | HP: 1/42 [poisoned by an adder]
  1486 | D:3      | Succumbed to an adder's poison

Vault maps used:
D:1:      scummos_arrival_checkerplants, lemuel_flame_loot_1
D:2:      nicolae_qazlal_eye_of_the_storm, first_bread
D:3:      ecumenical_altar_2, uniq_jessica
D:4:      kennysheep_generic_room_5

Skill      XL: |  1  2  3 |
---------------+----------+-----
Transmutations | 3 4 |  4.4
Fighting       | |  1.0
Dodging        | |  2.0
Unarmed Combat | |  3.0
Spellcasting   | |  2.0

Action                   |  1- 3 |  4- 6 || total
-------------------------+-------+-------++-------
Melee: Unarmed           |    79 |     5 ||    84
       Constrict         |    20 |     1 ||    21
       Tentacles         |    13 |     1 ||    14
       Kick              |     1 |       ||     1
       Punch             |     3 |       ||     3
 Cast: Beastly Appendage |     2 |       ||     2
       Spider Form       |     1 |       ||     1
       Sticks to Snakes  |     1 |       ||     1
  Use: Potion            |       |     3 ||     3
 Stab: Sleeping          |     5 |       ||     5
  Eat: Chunk             |     2 |       ||     2
Armor: Skin              |     7 |       ||     7
Dodge: Dodged            |    44 |     4 ||    48
